 Dungeon Sprint DCSS version 0.31-a0-986-g5e6e4ef867 (webtiles) character file.

Game seed: 4676719010906776056

3136 sircluck the Grappler (level 9, -1/105 HPs)
             Began as a Troll Berserker on Nov 17, 2023.
             Was a High Priest of Trog.
             Slain by a skeletal warrior
             ... wielding a +0 mace
              (13 damage)
             ... in the Dungeon (Sprint IX: "|||||||||||||||||||||||||||||").
             The game lasted 00:00:41 (266 turns).

sircluck the Grappler (Troll Berserker)              Turns: 266, Time: 00:00:42

Health: -1/105     AC:  7    Str: 31    XL:     9   Next: 61%
Magic:  8/8        EV: 13    Int:  3    God:    Trog [*****.]
Gold:   0          SH:  0    Dex:  9    Spells: 8/8 levels left

rFire   . .          .
                       - Unarmed
rCold   . . .        (no shield)
rNeg    . . .        a - +0 animal skin
rPois   .            (helmet restricted)
rElec   .            j - +0 cloak
rCorr   .            (gloves unavailable)
SInv    .            (boots unavailable)
Will    .....        (no amulet)
Stlth   +            k - +2 ring of protection
HPRegen 1.17/turn    (no ring)
MPRegen 0.11/turn

%: no teleportation
@: no status effects
A: large, unfitting armour, claws 3, regeneration 1, shaggy fur 1, tough skin 1
a: Renounce Religion, Berserk, Trog's Hand, Brothers in Arms


You were in the Dungeon.
You worshipped Trog.
Trog was extremely pleased with you.
You visited 1 branch

Inventory:

Armour
 a - a +0 animal skin (worn)
 j - a +0 cloak (worn)
Jewellery
 k - a +2 ring of protection (left claw)
 l - a +3 ring of intelligence
Wands
 i - a wand of light (10)
Scrolls
 g - 2 scrolls of blinking
Potions
 b - 5 potions of curing
 c - 3 potions of heal wounds
 d - a potion of haste
 e - 4 potions of magic
 f - a potion of berserk rage
 h - a potion of invisibility


   Skills:
 + Level 11.4 Fighting
 + Level 11.2 Dodging
 + Level 13.3 Unarmed Combat


You had 8 spell levels left.
You didn't know any spells.
Your spell library was empty.

Dungeon Overview and Level Annotations

Branches:
Dungeon (1/1)

Altars:
Cheibriados
Dithmenos
Elyvilon
Fedhas
Gozag
Hepliaklqana
Kikubaaqudgha
Makhleb
Nemelex Xobeh
Okawaru
Qazlal
Ru
Sif Muna
Trog
Uskayaw
Vehumet
Wu Jian
Xom
Yredelemnul
Zin
The Shining One
Jiyva
Lugonu


Innate Abilities, Weirdness & Mutations

You are too large for most types of armour.
You have claws for hands.
Your natural rate of healing is unusually fast.
You are covered in fur. (AC +1)
You have tough skin. (AC +1)


Message History

The centaur warrior is almost dead.
The centaur warrior hits you but does no damage.
The centaur warrior barely misses you.
You completely miss the centaur warrior.
The centaur warrior is almost dead.
The centaur warrior hits you!
The centaur warrior kicks you but does no damage.
You scratch the centaur warrior.
The centaur warrior is almost dead.
The centaur warrior completely misses you.
The centaur warrior kicks you.
The centaur warrior barely misses you. x2
You mangle the centaur warrior!!
You kill the centaur warrior!
Trog accepts your kill. Trog grants you a weapon!
Something appears at your feet!
You see here a +7 heavy giant spiked club.
The boulder beetle hits you!!!
* * * LOW HITPOINT WARNING * * *
The boulder beetle stops rolling and uncurls.
Your Fighting skill increases to level 11!
You claw the boulder beetle!
The boulder beetle is almost dead.
The skeletal warrior hits you with a +0 mace!!
* * * LOW HITPOINT WARNING * * *
The boulder beetle misses you.
You mangle the boulder beetle!!
You kill the boulder beetle!
Trog accepts your kill.
The skeletal warrior closely misses you.
Your Dodging skill increases to level 11!
Your Unarmed Combat skill increases to level 13!
Unknown command.
There is an open door here.
You see here a +0 flail.
An orc wizard appears from thin air!
Reactivating autopickup.
The skeletal warrior attacks as it pursues you!
The skeletal warrior hits you with a +0 mace!
You die... ▓▓▓▓▓▓▓▓▓▓▓▓▓▓▓▓▓▓▓▓▓▓▓▓▓▓▓▓ ___'.?).[.[..)))@z.o)))....+ ▓▓▓▓▓▓▓▓▓▓▓▓▓▓▓▓▓▓▓▓▓▓▓▓▓▓▓▓

You could see a skeletal warrior and an orc wizard.

Vanquished Creatures
  2 centaur warriors (D)
  A boulder beetle (D)
  3 gargoyles (D)
  A wraith (D)
  A shadow (D)
  A centaur (D)
  A kobold brigand (D)
  A scorpion (D)
  A shadow imp (D)
  An orc (D)
  A bat (D)
  A jackal (D)
  2 kobolds (D)
  2 quokkas (D)
  A frilled lizard (D)
20 creatures vanquished.

Notes
Turn   | Place    | Note
-------+----------+-------------------------------------------
     0 | D        | sircluck the Troll Berserker began the quest for the Orb.
     0 | D        | Reached XP level 1. HP: 22/22 MP: 0/0
    20 | D        | Reached ** piety under Trog
    28 | D        | Noticed a scorpion
    36 | D        | Killed a scorpion
    36 | D        | Reached *** piety under Trog
    37 | D        | Reached skill level 5 in Unarmed Combat
    37 | D        | Reached XP level 2. HP: 13/33 MP: 1/1
    37 | D        | Reached XP level 3. HP: 16/40 MP: 2/2
    42 | D        | Reached XP level 4. HP: 18/49 MP: 3/3
    80 | D        | Found a snail-covered altar of Cheibriados.
    80 | D        | Found a shadowy altar of Dithmenos.
    80 | D        | Found a white marble altar of Elyvilon.
    80 | D        | Found a blossoming altar of Fedhas.
    80 | D        | Found an opulent altar of Gozag.
    81 | D        | Found a hazy altar of Hepliaklqana.
    82 | D        | Found a viscous altar of Jiyva.
    83 | D        | Found an ancient bone altar of Kikubaaqudgha.
    84 | D        | Found a corrupted altar of Lugonu.
    85 | D        | Found a burning altar of Makhleb.
    86 | D        | Found a sparkling altar of Nemelex Xobeh.
    87 | D        | Found an iron altar of Okawaru.
    88 | D        | Found a stormy altar of Qazlal.
    89 | D        | Found a sacrificial altar of Ru.
    90 | D        | Found a shimmering blue altar of Sif Muna.
    91 | D        | Found a bloodstained altar of Trog.
    92 | D        | Found a hide-covered altar of Uskayaw.
    93 | D        | Found a radiant altar of Vehumet.
    94 | D        | Found an ornate altar of the Wu Jian Council.
    95 | D        | Found a shimmering altar of Xom.
    96 | D        | Found a basalt altar of Yredelemnul.
    97 | D        | Found a glowing silver altar of Zin.
    98 | D        | Found a glowing golden altar of the Shining One.
   131 | D        | Noticed a shadow
   131 | D        | Noticed a wraith
   131 | D        | Noticed a gargoyle
   131 | D        | Noticed a kobold brigand
   131 | D        | Noticed a gargoyle
   131 | D        | Noticed a centaur
   142 | D        | Killed a shadow
   142 | D        | Reached **** piety under Trog
   143 | D        | Reached skill level 7 in Unarmed Combat
   143 | D        | Reached XP level 5. HP: 45/59 MP: 4/4
   145 | D        | Killed a wraith
   146 | D        | Reached skill level 8 in Unarmed Combat
   146 | D        | Reached XP level 6. HP: 57/71 MP: 5/5
   147 | D        | Killed a gargoyle
   148 | D        | Reached skill level 9 in Unarmed Combat
   148 | D        | Reached XP level 7. HP: 66/80 MP: 6/6
   150 | D        | Reached skill level 10 in Unarmed Combat
   153 | D        | Killed a gargoyle
   153 | D        | Reached ***** piety under Trog
   154 | D        | Reached XP level 8. HP: 61/92 MP: 7/7
   234 | D        | Noticed a gargoyle
   234 | D        | Noticed a centaur warrior
   234 | D        | Noticed a boulder beetle
   234 | D        | Noticed a centaur warrior
   234 | D        | Noticed a skeletal warrior
   236 | D        | Killed a gargoyle
   237 | D        | Reached skill level 11 in Unarmed Combat
   246 | D        | Killed a centaur warrior
   247 | D        | Reached skill level 10 in Fighting
   247 | D        | Reached skill level 10 in Dodging
   247 | D        | Reached skill level 12 in Unarmed Combat
   247 | D        | Reached XP level 9. HP: 84/102 MP: 8/8
   259 | D        | Killed a centaur warrior
   259 | D        | Received a gift from Trog
   260 | D        | HP: 5/105 [skeletal warrior/+0 mace (20)]
   261 | D        | Killed a boulder beetle
   262 | D        | Reached skill level 13 in Unarmed Combat
   266 | D        | Slain by a skeletal warrior

Illustrated notes

Levels and vault maps discovered:
D:        linesprint [early_d, line_temple, items_1, d_10, items_2, lair_1,
          lair_end, items_3, orc_1, orc_end, items_4, d_15, swamp_1, shoals_1,
          snake_1, spider_1, d_20, vaults_1, items_5, swamp_end, shoals_end,
          snake_end, spider_end, vaults_end, d_27, items_6, zot_1, zot_end,
          crypt_end, forest_end, elf_end, slime_end, tomb_end, abyss_end,
          pan_hell_end]

Skill      XL: |  1  2  3  4  5  6  7  8  9 |
---------------+----------------------------+-----
Fighting       | 4 6 7 8 9 10 11 | 11.4
Dodging        | 4 6 7 8 10 11 | 11.2
Unarmed Combat | 5 7 8 9 10 12 13 | 13.3

Action                     |  1- 3 |  4- 6 |  7- 9 || total
---------------------------+-------+-------+-------++-------
  Melee: Unarmed           |    31 |    18 |    30 ||    79
         Punch             |       |       |     1 ||     1
 Invoke: Berserk           |       |     1 |       ||     1
 Armour: Animal skin       |    16 |     8 |    30 ||    54
  Dodge: Dodged            |     8 |     2 |    25 ||    35

Table legend: (Time is in decaauts)
 A = Elapsed time spent in this place.
 B = Non-inter-level travel time spent in this place.
 C = Inter-level travel time spent in this place.
 D = Time resting spent in this place.
 E = Time spent auto-exploring this place.
 F = Levels seen in this place.
 G = Mean time per level.
                   A        B        C        D        E       F      G
               +--------+--------+--------+--------+--------+-----+--------+
         Total |    260 |    260 |      0 |    113 |      6 |   1 |  260.0 |
       Dungeon |    260 |    260 |      0 |    113 |      6 |   1 |  260.0 |
               +--------+--------+--------+--------+--------+-----+--------+

Top non-repeatable levels by time:
       D: 260 daAuts
